 Dungeon Crawl Stone Soup version 0.27-a0-1278-g6cbc8dfb29 (webtiles) character file.

Game seed: 18289654967519924311

134 wakim the Magician (level 5, -14/39 HPs)
             Began as a Djinni Conjurer on June 12, 2021.
             Killed from afar by an orc (21 damage)
             ... with a bolt of acid
             ... on level 3 of the Dungeon.
             The game lasted 00:04:18 (2817 turns).

wakim the Magician (Djinni Conjurer)                Turns: 2817, Time: 00:04:19

Health: -14/39     AC: -2    Str:  6    XL:     5   Next: 40%
Gold:   126        EV: 12    Int: 20    God:
                   SH:  0    Dex: 12

rFire    + + +     SeeInvis .   a - +2 dagger (venom)
rCold    . . .     Faith    .   (no shield)
rNeg     . . .     Spirit   .   g - +0 robe
rPois    ∞         Reflect  .   (no helmet)
rElec    .         Harm     .   (no cloak)
rCorr    .         Rampage  .   (no gloves)
Will     .....                  (boots unavailable)
Stlth    ++........             (no amulet)
HPRegen  0.13/turn              c - ring of protection from cold
MPRegen  0.00/turn              b - ring of protection from fire

@: corroded, flying
A: sickness immunity, fire resistance 2, cold vulnerability 1, float, innate
caster, hp casting, extra vitality 1
a: no special abilities


You were on level 3 of the Dungeon.
You visited 1 branch of the dungeon, and saw 3 of its levels.

You collected 126 gold pieces.

Inventory:

Hand Weapons
 a - a +2 dagger of venom (weapon)
Armour
 g - a +0 robe (worn)
Jewellery
 b - a ring of protection from fire (right hand)
 c - a ring of protection from cold (left hand)
Scrolls
 f - a scroll of torment {unknown}
 r - 3 scrolls of identify
Potions
 d - a potion of curing {unknown}
 e - a potion of degeneration {unknown}
 C - a potion of berserk rage {!q}
 N - 3 potions of might


   Skills:
 + Level 2.4 Fighting
 - Level 2.1 Dodging
 - Level 1.5 Stealth
 * Level 4.5 Spellcasting


You couldn't memorise any spells.
You knew the following spells:

 Your Spells              Type           Power      Damage    Failure   Level
a - Magic Dart            Conj           88%        1d7       1%          1
b - Dazzling Flash        Conj/Hex       44%        N/A       6%          3
c - Shock                 Conj/Air       88%        1d8       1%          1
d - Slow                  Hex            22%        N/A       3%          2
s - Searing Ray           Conj           44%        3d4       3%          2
x - Iskenderun's Mystic   Conj/Tloc      22%        2d6       19%         4
z - Fulminant Prism       Conj/Hex       11%        3d9       19%         4
Your spell library was empty.

Dungeon Overview and Level Annotations

Branches:
Dungeon (3/15)

Altars:
Okawaru


Innate Abilities, Weirdness & Mutations

You are immune to sickness and miasma.
You are immune to poison.
Your flesh is very heat resistant. (rF++)
You are vulnerable to cold. (rC-)
You float through the air rather than walking.
You learn spells naturally, not from books.
Your magical power is your life essence.
You have superior vitality. (+4 HP)


Message History

You kill the orc! (Press . to maintain the ray.)
The searing ray hits the ball python!
You kill the ball python!
Your magical contamination has completely faded away.
You now have 126 gold pieces (gained 11).
Things that are here:
a +0 dagger; a ball python corpse; an orc corpse
Found a scroll of identify.
r - 3 scrolls of identify (gained 1)
A goblin comes into view. It is wielding a +2 dagger of venom.
The magic dart hits the goblin.
You kill the goblin!
Things that are here:
a +2 dagger of venom; a goblin corpse
g - a +2 dagger of venom Adjust (i)tems, (s)pells, or (a)bilities?
g - a +2 dagger of venom Adjust to which letter? (? for menu, Esc to quit)
a - a +2 dagger of venom;
g - a +0 robe (worn)
Your +2 dagger of venom begins to drip with poison!
a - a +2 dagger of venom (weapon)
A bat comes into view.
The magic dart hits the bat.
You kill the bat!
You see here a bat corpse.
Found an iron altar of Okawaru.
A rat comes into view.
The magic dart hits the rat.
You kill the rat!
An orc comes into view.
It is wielding a +0 mace, wearing a +2 leather armour of cold resistance and carrying a wand of acid (6).
The orc shouts!
The orc zaps a wand.
The bolt of acid hits you!! The acid corrodes you!
You are splashed with acid!
* * * LOW HITPOINT WARNING * * *
Unknown command.
The orc zaps a wand.
The bolt of acid hits you!!
Ouch! That really hurt!
You die...

#. #o #. #o
######.#### #####
..........#######
.....
............>....
#####
#####..##.########
# #..##@##.....#
## #..#......# .#
###:.###...###..
.#
...........†....
.# ##.###..#.).).#
.## #.###.##.._..#
..# #.##...#.).).#
#.##
#.##..........
...#
#........###..


You could see an orc.

Vanquished Creatures
  Jessica (D:2)
  An orc wizard (D:3)
  2 adders
  3 dart slugs
  4 orcs (D:3)
  4 endoplasms
  A giant cockroach (D:1)
  5 goblins
  5 hobgoblins
  A kobold (D:1)
  5 quokkas
  10 ball pythons
  4 bats
  3 frilled lizards
  5 rats
54 creatures vanquished.

Notes
Turn   | Place    | Note
-------+----------+-------------------------------------------
     0 | D:1      | wakim the Djinni Conjurer began the quest for the Orb.
     0 | D:1      | Reached XP level 1. HP: 15/15 MP: 0/0
   326 | D:1      | Reached XP level 2. HP: 21/22 MP: 0/0
   579 | D:1      | Reached skill level 1 in Fighting
   737 | D:1      | Reached XP level 3. HP: 26/27 MP: 0/0
   737 | D:1      | Learned a level 1 spell: Shock
   917 | D:1      | You are sucked into a shaft and drop 1 floor!
  1504 | D:2      | Reached XP level 4. HP: 31/32 MP: 0/0
  1533 | D:2      | Reached skill level 4 in Spellcasting
  2035 | D:2      | Noticed Jessica
  2039 | D:2      | Killed Jessica
  2247 | D:3      | Reached XP level 5. HP: 22/38 MP: 0/0
  2247 | D:3      | Learned a level 2 spell: Slow
  2795 | D:3      | Found an iron altar of Okawaru.
  2817 | D:3      | Killed from afar by an orc

Illustrated notes

Levels and vault maps discovered:
D:1:      lordsloth_arrival_two_stooges, layout_basic,
          hellmonk_ecumenical_altar_inner_sanctum, patterned_corridor
D:2:      layout_basic, kennysheep_jessica_study
D:3:      layout_basic, okawaru_ov_weapons_minmay, uniq_grinder

Skill      XL: |  1  2  3  4 |
---------------+-------------+-----
Fighting       | 1 2 |  2.4
Spellcasting   | 4 |  4.5
Dodging        | |  2.1
Stealth        | |  1.5

Action                   |  1- 3 |  4- 6 || total
-------------------------+-------+-------++-------
 Cast: Magic Dart        |    57 |    12 ||    69
       Searing Ray       |     2 |    14 ||    16
  Use: Scroll            |     2 |     3 ||     5
Armor: Robe              |       |     3 ||     3
Dodge: Dodged            |     1 |     5 ||     6

Table legend: (Time is in decaauts)
 A = Elapsed time spent in this place.
 B = Non-inter-level travel time spent in this place.
 C = Inter-level travel time spent in this place.
 D = Time resting spent in this place.
 E = Time spent auto-exploring this place.
 F = Levels seen in this place.
 G = Mean time per level.
                   A        B        C        D        E       F      G
               +--------+--------+--------+--------+--------+-----+--------+
         Total |   2815 |   2794 |     21 |      0 |   2567 |   3 |  938.3 |
       Dungeon |   2815 |   2794 |     21 |      0 |   2567 |   3 |  938.3 |
               +--------+--------+--------+--------+--------+-----+--------+

Top non-repeatable levels by time:
     D:2: 1272 daAuts
     D:1: 916 daAuts
     D:3: 626 daAuts
